 Dungeon Crawl Stone Soup version 0.29-a0-23-ga79f92ac9c (webtiles) character file.

Game seed: 1527506679370637582

237 mightbedylan the Skirmisher (level 5, -2/70 HPs)
             Began as a Draconian Cinder Acolyte on Jan 30, 2022.
             Was a High Priest of Ignis.
             Succumbed to a hornet's poison
             ... on level 4 of the Dungeon.
             The game lasted 00:19:28 (3358 turns).

mightbedylan the Skirmisher (DrCA)                  Turns: 3358, Time: 00:19:29

Health: -2/70      AC: 22    Str: 15 (16) XL:     5   Next: 77%
Magic:  5/8        EV:  2    Int: 16      God:    Ignis [*****.]
Gold:   115        SH:  0    Dex:  7      Spells: 7/9 levels left

rFire   + . .      SeeInvis .   k - +4 dagger (protect)
rCold   . . .      Faith    .   (no shield)
rNeg    . . .      Spirit   .   (armour unavailable)
rPois   +          Reflect  .   (helmet currently unavailable)
rElec   .          Harm     .   (cloak currently unavailable)
rCorr   .          Rampage  .   (gloves currently unavailable)
Will    .....      NoTele   +   (boots currently unavailable)
Stlth   +.........              (no amulet)
HPRegen 0.21/turn               (no ring)
MPRegen 0.11/turn               (no ring)

@: lethally poisoned (-2 -> -13), tree-form, slowed, very slow
A: stationary, stasis, torment immunity, boosted hp, AC +5, unfitting armour,
(cold-blooded)
a: Renounce Religion, Fiery Armour, Foxfire Swarm, Rising Flame


You were on level 4 of the Dungeon.
You worshipped Ignis.
Ignis was extremely pleased with you.
You were a tree.
You visited 1 branch of the dungeon, and saw 5 of its levels.

You collected 115 gold pieces.

Inventory:

Hand Weapons
 a - a +0 spear of flaming
 e - a +1 whip of venom
 k - a +4 dagger of protection (weapon)
Armour
 g - a +0 leather armour
 n - a +0 robe
Scrolls
 i - 2 scrolls of silence {unknown}
Potions
 c - a potion of flight
 d - a potion of degeneration
 f - a potion of heal wounds {unknown}
 h - a potion of lignification


   Skills:
 + Level 4.4 Fighting
 * Level 2.4 Short Blades
 - Level 3.5 Polearms
 + Level 2.5 Spellcasting
 + Level 4.0 Fire Magic


You had 7 spell levels left.
You knew the following spells:

 Your Spells              Type           Power      Damage    Failure   Level
a - Scorch                Fire           30%        2d7       5%          2

Your spell library contained the following spells:

 Spells                   Type           Power      Damage    Failure   Level
 Animate Skeleton         Necr           4%         N/A       21%         1
 Apportation              Tloc           4%         N/A       21%         1
 Summon Small Mammal      Summ           8%         N/A       21%         1


Dungeon Overview and Level Annotations

Branches:
Dungeon (5/15)
 Temple: D:4-7

Altars:

Shops:
D:2 (


Innate Abilities, Weirdness & Mutations

You are a tree.
Your roots penetrate the ground, keeping you stationary.
You cannot be teleported.
You are immune to unholy pain and torment.
Your maximum health is greatly increased.
Your equipment is partially melded.
((Your plain brown scales are hard. (AC +5)))
You cannot fit into any form of body armour.
((You are cold-blooded and may be slowed by cold attacks.))


Message History

Flames lash the hornet.
The hornet is lightly wounded.
The hornet's fire resistance burns away.
You feel yourself speed up. The hornet barely misses you.
The hornet stings you but does no damage.
The hornet barely misses you.
You open the door.
The hornet is no longer more vulnerable to fire.
The hornet stings you but does no damage.
The hornet stings you!
You are poisoned.
You feel yourself slow down.
There is an open door here.
Casting: Scorch (safe; 5% risk of failure)
Confirm with . or Enter, or press ? or * to list all spells.
Flames lash the hornet but do no damage.
You feel very sick. The hornet barely misses you.
The hornet closely misses you.
Unknown command.
Unknown command.
Unknown command.
Nothing quivered!
You aren't carrying any pieces of jewellery.
Unknown command.
As you read the scroll of teleportation, it crumbles to dust.
You feel strangely unstable.
You feel yourself speed up.
You feel sick. The hornet stings you!
You feel yourself slow down. The hornet closely misses you.
You feel yourself speed up.
You feel sick. The hornet stings you.
* * * LOW HITPOINT WARNING * * *
You are more poisoned.
You feel yourself slow down. The hornet stings you!
* * * LOW HITPOINT WARNING * * *
You feel as though you will be slow longer.
It was a potion of lignification.
You turn into a tree.
Your roots penetrate the ground.
You feel strangely stable.
You die...

...#.........# #.......# .#
#####........######.......#
#........##..'.).......+
#........##.##.........#
###(..........#...........#
..#..........####.......###
#.#..........# .#+#...#+#
#.#..........##...#####
#.#........#.y♣.....#
###.#........###......#
....#.........#.......#
.......#.####.#.......+
.........# .#.......#
.........# .##......#
..........# ..+......#
........#.# .###...###
........#.#


You could see a hornet.

Vanquished Creatures
  A scorpion (D:4)
  2 hounds (D:3)
  4 adders
  An ufetubus (D:2)
  An adder skeleton (D:4)
  3 worms
  A dart slug (D:2)
  An orc (D:4)
  A ball python (D:1)
  9 endoplasms
  3 giant cockroaches
  5 hobgoblins
  11 jackals
  2 quokkas (D:1)
  5 bats
  3 frilled lizards
  8 goblins
  3 kobolds
  3 rats
67 creatures vanquished.

Notes
Turn   | Place    | Note
-------+----------+-------------------------------------------
     0 | D:1      | mightbedylan the Draconian Cinder Acolyte began the quest
                  | for the Orb.
     0 | D:1      | Reached XP level 1. HP: 19/19 MP: 2/2
   216 | D:1      | Reached XP level 2. HP: 19/26 MP: 3/3
   332 | D:1      | Found a faded altar of an unknown god.
   469 | D:1      | Learned a level 2 spell: Scorch
   817 | D:1      | Reached XP level 3. HP: 33/33 MP: 0/5
  1440 | D:2      | Reached XP level 4. HP: 38/40 MP: 2/6
  2012 | D:2      | Found Pyeraesu's Weapon Boutique.
  2406 | D:3      | Reached skill level 1 in Short Blades
  2446 | D:3      | HP: 1/40 [frozen (4)]
  2791 | D:3      | Reached XP level 5. HP: 46/46 MP: 5/8
  2823 | D:3      | Noticed a centaur
  2853 | D:3      | You fall into a shaft and drop 2 floors!
  2853 | D:5      | Entered Level 5 of the Dungeon
  2853 | D:5      | Noticed a black bear
  3338 | D:4      | Noticed a hornet
  3357 | D:4      | HP: 1/47 [hornet (13)]
  3358 | D:4      | Succumbed to a hornet's poison

Illustrated notes

Levels and vault maps discovered:
D:1:      nzn_arrival_crosshair, layout_basic, nicolae_ecumenical_lake_church,
          chequers_serial_rivers_small_a, minmay_misc_feat_diagonals,
          kennysheep_another_room
D:2:      layout_loops_ring, serial_shops, nicolae_shop_behind_doors,
          dk_noncrumbling_2, hangedman_decor_opposing,
          chequers_serial_rivers_room_a, grunt_ministairs_3
D:3:      minmay_octagon_keep, layout_loops_cross,
          nicolae_ru_the_path_less_chosen, gup_sewer_entry_spiral, serial_shops,
          shop_coins, nicolae_shop_stone, cheibrodos_gnoll_hut, uniq_grinder
D:4:      nicolae_cairo_tiling_very_big, layout_basic, grunt_decor_cap
D:5:      layout_basic, chei_slow_surprise

Skill      XL: |  1  2  3  4  5 |
---------------+----------------+-----
Fighting       | 4 |  4.4
Spellcasting   | 2 |  2.5
Short Blades   | 1 2 |  2.4
Fire Magic     | 4 |  4.0
Polearms       | |  3.5

Action                   |  1- 3 |  4- 6 || total
-------------------------+-------+-------++-------
Melee: Spear             |    22 |       ||    22
       Tailslap          |     7 |     6 ||    13
       Whip              |    58 |       ||    58
       Dagger            |     8 |    63 ||    71
       Punch             |       |     1 ||     1
 Cast: Scorch            |    17 |    23 ||    40
  Use: Potion            |       |     7 ||     7
       Scroll            |       |     6 ||     6
Armor: Skin              |    35 |    44 ||    79
Dodge: Dodged            |    51 |    55 ||   106

Table legend: (Time is in decaauts)
 A = Elapsed time spent in this place.
 B = Non-inter-level travel time spent in this place.
 C = Inter-level travel time spent in this place.
 D = Time resting spent in this place.
 E = Time spent auto-exploring this place.
 F = Levels seen in this place.
 G = Mean time per level.
                   A        B        C        D        E       F      G
               +--------+--------+--------+--------+--------+-----+--------+
         Total |   3368 |   3210 |    158 |    731 |   1827 |   5 |  673.6 |
       Dungeon |   3368 |   3210 |    158 |    731 |   1827 |   5 |  673.6 |
               +--------+--------+--------+--------+--------+-----+--------+

Top non-repeatable levels by time:
     D:2: 1584 daAuts
     D:1: 1139 daAuts
     D:4: 499 daAuts
     D:3: 139 daAuts
     D:5: 6 daAuts
